 Dungeon Crawl Stone Soup version 0.21.1-1-g345015fe64 (webtiles) character file.

631 Gargoyl the Chopper (level 7, 0/58 HPs)
             Began as a Centaur Abyssal Knight on Feb 13, 2018.
             Was a Believer of Lugonu.
             Killed by divine providence
             ... invoked by an orc priest
              (16 damage)
             ... on level 5 of the Dungeon.
             The game lasted 00:08:34 (4300 turns).

Gargoyl the Chopper (Centaur Abyssal Knight)        Turns: 4300, Time: 00:08:35

Health: 0/58       AC: 15    Str: 14    XL:     7   Next: 24%
Magic:  9/9        EV:  4    Int: 11    God:    Lugonu [**....]
Gold:   216        SH:  3    Dex: 11    Spells: 6/6 levels left

rFire    . . .     SeeInvis .   a - +1 hand axe
rCold    . . .     Gourm    .   h - +0 buckler
rNeg     . . .     Faith    .   d - +7 chain mail
rPois    .         Spirit   .   (no helmet)
rElec    .         Reflect  .   (no cloak)
rCorr    .         Harm     .   (no gloves)
MR       .....                  (no barding)
Stlth    ..........             (no amulet)
HPRegen  0.19/turn              (no ring)
MPRegen  0.11/turn              (no ring)

@: very quick
A: large, hooves 3, deformed body, speed 2, tough skin 3
a: Depart the Abyss, Bend Space, Renounce Religion


You were on level 5 of the Dungeon.
You worshipped Lugonu.
Lugonu was pleased with you.
You were not hungry.

You visited 1 branch of the dungeon, and saw 5 of its levels.
You visited the Abyss 1 time.

You collected 216 gold pieces.

Inventory:

Hand Weapons
 a - a +1 hand axe (weapon)
Missiles
 b - 3 tomahawks of returning (quivered)
Armour
 d - a +7 chain mail (worn)
 h - a +0 buckler (worn)
Jewellery
 g - an uncursed ring of magical power {unknown}
Scrolls
 e - a scroll of identify
Potions
 j - a potion of heal wounds {unknown}
 l - a potion of magic {unknown}
 m - a potion of cancellation {unknown}
 n - a potion of curing
 p - a potion of haste {unknown}
Comestibles
 c - 5 rations
 f - 6 chunks of flesh


   Skills:
 + Level 3.8 Fighting
 + Level 4.1 Axes
 * Level 3.9 Armour
 + Level 1.1 Dodging
 + Level 0.9 Shields
 * Level 3.8 Invocations


You had 6 spell levels left.
You didn't know any spells.

Dungeon Overview and Level Annotations

Branches:
Dungeon (5/15)             Temple (0/1) D:4

Altars:
Dithmenos


Innate Abilities, Weirdness & Mutations

You have hooves in place of feet.
Armour fits poorly on your strangely shaped body.
You cover ground very quickly.
You have extremely tough skin. (AC +3)


Message History

You miss the orc wizard. You closely miss the orc.
The orc wizard hits you but does no damage.
The orc barely misses you.
The orc priest calls down the wrath of Beogh upon you.
Beogh smites you!
* * * LOW HITPOINT WARNING * * *
You hit the orc priest. Your kick misses the orc priest.
The orc priest is almost dead.
You closely miss the orc.
You hit the orc wizard but do no damage.
The orc wizard hits you but does no damage.
The orc completely misses you.
The orc priest calls down the wrath of Beogh upon you.
Beogh smites you!
* * * LOW HITPOINT WARNING * * *
The orc wizard hits you but does no damage.
You feel better. The orc hits you but does no damage.
The orc priest mumbles some strange prayers to Beogh against you.
Beogh smites you!
You die...

## .# .# .# .#
######### .#
#.......# .#
#......?#
#########
#....(..# #......#
#.o@....# #......#
#..oo...#
##......#
#.......#
##......#
####..####
........# ##.....#
##......# #..##..#
#......####.###.##
#........##.# ..#
#......#.##.# .##


You could see an orc priest, an orc wizard and an orc.

Vanquished Creatures
  A centaur (D:3)
  A howler monkey (D:4)
  5 hounds
  An orc priest (D:4)
  A centaur skeleton (D:4)
  Jessica (D:3)
  An iguana (D:4)
  Terence (D:3)
  3 worker ants (D:4)
  A hound skeleton (D:3)
  5 adders
  2 oozes
  3 dart slugs
  A leopard gecko (D:1)
  14 orcs
  7 giant cockroaches
  7 goblins
  3 hobgoblins
  7 jackals
  7 kobolds
  2 quokkas
  7 bats
  4 frilled lizards
  4 rats
89 creatures vanquished.

Notes
Turn   | Place    | Note
-------+----------+-------------------------------------------
     0 | Abyss:1  | Gargoyl the Centaur Abyssal Knight began the quest for the Orb.
     0 | Abyss:1  | Reached XP level 1. HP: 19/19 MP: 2/2
    68 | Abyss:2  | Noticed a wraith
    93 | Abyss:2  | Noticed a sixfirhy
    96 | D:1      | Escaped the Abyss
   126 | D:1      | Reached * piety under Lugonu
   126 | D:1      | Reached XP level 2. HP: 16/26 MP: 3/3
   355 | D:1      | Reached skill level 2 in Axes
   469 | D:1      | Reached XP level 3. HP: 31/31 MP: 4/4
  1412 | D:2      | Reached XP level 4. HP: 18/38 MP: 6/6
  1878 | D:3      | Noticed Jessica
  1878 | D:3      | Noticed a centaur
  1880 | D:3      | Found a shadowy altar of Dithmenos.
  1890 | D:3      | Killed a centaur
  1890 | D:3      | Reached ** piety under Lugonu
  1890 | D:3      | Reached XP level 5. HP: 14/45 MP: 7/7
  1893 | D:3      | Killed Jessica
  2210 | D:3      | Reached skill level 1 in Dodging
  2452 | D:3      | Reached skill level 3 in Axes
  3026 | D:3      | Noticed Terence
  3043 | D:3      | Killed Terence
  3043 | D:3      | Reached XP level 6. HP: 17/52 MP: 8/8
  3417 | D:4      | Found a staircase to the Ecumenical Temple.
  3931 | D:4      | Reached XP level 7. HP: 58/58 MP: 9/9
  3943 | D:4      | Reached skill level 4 in Axes
  4228 | D:5      | Entered Level 5 of the Dungeon
  4300 | D:5      | Killed from afar by an orc priest

Skill      XL: |  1  2  3  4  5  6  7 |
---------------+----------------------+-----
Axes           | 2 3 4 |  4.1
Armour         | 2 3 |  3.9
Invocations    | 3 |  3.8
Dodging        | 1 |  1.1
Fighting       | |  3.8
Shields        | |  0.9

Action                   |  1- 3 |  4- 6 |  7- 9 || total
-------------------------+-------+-------+-------++-------
Melee: Hand axe          |   112 |   173 |    43 ||   328
       Kick              |    15 |    38 |     8 ||    61
Invok: Depart the Abyss  |     1 |       |       ||     1
  Use: Potion            |       |     2 |     1 ||     3
       Scroll            |       |    14 |       ||    14
  Eat: Chunk             |     1 |     7 |     1 ||     9
Armor: Chain mail        |   106 |   151 |    41 ||   298
Dodge: Dodged            |    20 |    36 |    14 ||    70
Block: Buckler           |    12 |    25 |    11 ||    48
